[Event "Titled Tuesday Blitz May 9 Late 2023"]
[White "KVAIDAN"]
[Black "Tarnowska, Aleksandra"]
[BlackFideId "1180967"]
[WhiteElo "2371"]
[BlackElo "1776"]
[Result "1/2-1/2"]
[Round "03"]
[TimeControl "180+2"]
[Date "2023.05.09"]
[WhiteClock "0:01:11"]
[BlackClock "0:00:03"]

1. f4 d5 2. Nf3 Nf6 3. e3 Bg4 4. h3 Bxf3 5. Qxf3 e6 6. b3 Bd6 7. Bb2 c5 8. Nc3 Nc6 9. Bb5 a6 10. Bxc6+ bxc6 11. O-O-O c4 12. g4 cxb3 13. axb3 Qa5 14. g5 Nd7 15. Kb1 Nb6 16. Ne2 Nc4 17. Bxg7 Qa3 18. Nc1 e5 19. Nd3 e4 20. Qe2 exd3 21. Qxd3 Rg8 22. Bf6 Na5 23. Bb2 Qb4 24. h4 Rb8 25. h5 c5 26. Qxd5 c4 27. Qe4+ Be7 28. Bc3 Qb7 29. Qxh7 cxb3 30. Qxg8+ Kd7 31. Qxb8 Qxb8 32. Bxa5 bxc2+ 33. Kxc2 Qb5 34. Bc3 Qa4+ 35. Kd3 Qb5+ 36. Ke4 Qc6+ 37. Kd3 Qb5+ 38. Kc2 Qa4+ 39. Kb1 Qb3+ 40. Ka1 Qa3+ 41. Kb1 Qb3+ 42. Ka1 Qa3+ 43. Kb1 Qb3+ 1/2-1/2


[Site "https://www.chess.com"]

[Event "Titled Tuesday Blitz May 9 Late 2023"]
[White "Arnold, Ken"]
[Black "Kiseljova, Marya"]
[WhiteFideId "2056836"]
[BlackFideId "4155009"]
[WhiteElo "2368"]
[BlackElo "1831"]
[Result "1-0"]
[Round "03"]
[TimeControl "180+2"]
[Date "2023.05.09"]
[WhiteClock "0:00:30"]
[BlackClock "0:00:00"]

1. d4 Nf6 2. c4 e6 3. Nf3 d5 4. cxd5 exd5 5. g3 Be7 6. Bg2 O-O 7. O-O c6 8. Nc3 Bf5 9. Bg5 Nbd7 10. a3 a5 11. Rc1 h6 12. Bxf6 Bxf6 13. e3 Re8 14. Qd2 Nb6 15. b3 Qe7 16. a4 Nc8 17. Rfe1 Nd6 18. Qa2 Ne4 19. Nxe4 Bxe4 20. Nd2 Bxg2 21. Kxg2 h5 22. Qc2 h4 23. Qf5 Qe6 24. Qxe6 Rxe6 25. Rc2 hxg3 26. hxg3 Bxd4 27. e4 dxe4 28. Rxe4 Rxe4 29. Nxe4 Re8 30. Kf3 f6 31. Nd6 Re7 32. Nf5 Kf7 33. Nxd4 g6 34. g4 Rd7 35. Rc4 b5 36. axb5 cxb5 37. Nxb5 Rd3+ 38. Ke4 Rxb3 39. Nd4 Rb7 40. Ra4 Rb2 41. Ke3 Kg7 42. Rxa5 Kh6 43. Kf3 Rb4 44. Ne2 Rb3+ 45. Kg2 Rb4 46. Kg3 Rb3+ 47. f3 Rb2 48. Nc3 Rb3 49. Ne4 Rb6 50. Nxf6 Kg7 51. Ne4 Rc6 52. Rc5 Rb6 53. g5 Ra6 54. Kg4 Ra4 55. Rc7+ Kg8 56. Kf4 Kf8 57. Ke5 Ra5+ 58. Rc5 Ra4 59. f4 Ra7 60. Rc6 Ra4 61. Rxg6 Ra5+ 62. Ke6 Ra6+ 63. Kf5 Ra5+ 64. Kg4 Ra4 65. Rf6+ Kg7 66. Nd6 Ra1 67. Rf7+ Kg8 68. f5 Rg1+ 69. Kh5 Rh1+ 70. Kg6 Rh8 71. Re7 1-0


[Site "https://www.chess.com"]

[Event "Titled Tuesday Blitz May 9 Late 2023"]
[White "Kalajzic, Ivan"]
[Black "Benaddi, Mouhcine"]
[WhiteFideId "14506378"]
[BlackFideId "9001050"]
[WhiteElo "2203"]
[BlackElo "2036"]
[Result "0-1"]
[Round "03"]
[TimeControl "180+2"]
[Date "2023.05.09"]
[WhiteClock "0:01:26"]
[BlackClock "0:01:56"]

1. d4 c6 2. Nc3 d5 3. Nf3 Nf6 4. Bg5 Ne4 5. Nxe4 dxe4 6. Ng1 h6 7. Bh4 g5 8. Bg3 Qb6 9. Rb1 Be6 10. a3 Ba2 11. e3 Bxb1 12. Qxb1 e6 13. c4 Bxa3 14. c5 Qb3 15. Qxe4 Qxb2 16. Be2 Bb4+ 0-1


[Site "https://www.chess.com"]

[Event "Titled Tuesday Blitz May 9 Late 2023"]
[White "KSho99"]
[Black "Skaric, Djuro"]
[BlackFideId "934569"]
[WhiteElo "2149"]
[BlackElo "2282"]
[Result "0-1"]
[Round "03"]
[TimeControl "180+2"]
[Date "2023.05.09"]
[WhiteClock "0:00:00"]
[BlackClock "0:02:12"]

1. Nf3 d6 2. e4 g6 3. d4 Bg7 4. Nc3 Nf6 5. Be2 O-O 6. O-O Nc6 7. h3 e5 8. d5 Ne7 9. Be3 h6 10. Nd2 Kh7 11. b4 Ne8 12. g4 f5 13. gxf5 gxf5 14. exf5 Bxf5 15. Bg4 Qd7 16. Nde4 Ng6 17. Bxf5 Qxf5 18. Qg4 Nf4 19. Qxf5+ Rxf5 20. Kh2 Rf7 21. Nb5 a6 22. Na3 Nf6 23. Nxf6+ Rxf6 24. c4 Rf5 25. Nc2 b5 26. cxb5 axb5 27. Bxf4 exf4 28. Rae1 Rxa2 29. Na1 Rxd5 0-1


[Site "https://www.chess.com"]

[Event "Titled Tuesday Blitz May 9 Late 2023"]
[White "Dargan, Paul A G"]
[Black "Gerbelli Neto, Eduardo"]
[WhiteFideId "416762"]
[BlackFideId "2103281"]
[WhiteElo "2042"]
[BlackElo "2178"]
[Result "0-1"]
[Round "03"]
[TimeControl "180+2"]
[Date "2023.05.09"]
[WhiteClock "0:00:07"]
[BlackClock "0:00:16"]

1. e4 e5 2. Nf3 Nc6 3. Bc4 Nf6 4. d4 exd4 5. O-O Nxe4 6. Re1 d5 7. Nc3 dxc4 8. Rxe4+ Be6 9. Nxd4 Nxd4 10. Rxd4 Qc8 11. Bg5 h6 12. Bh4 Bd6 13. Rxd6 cxd6 14. Qxd6 Qd7 15. Qb4 Rd8 16. Bxd8 Qxd8 17. Rd1 Qe7 18. Qb5+ Kf8 19. h3 Kg8 20. Qe5 Kh7 21. Nd5 Qg5 22. Qxg5 hxg5 23. Ne3 Rc8 24. c3 Kg6 25. Rd4 b5 26. a3 a5 27. Kh2 Rc6 28. Kg3 f5 29. f4 gxf4+ 30. Kxf4 Kf6 31. g4 g6 32. g5+ Ke7 33. Nd1 b4 34. axb4 axb4 35. cxb4 Rb6 36. Ne3 Rxb4 37. h4 Rxb2 38. Nxc4 Rb4 39. h5 gxh5 40. g6 Rxc4 41. Rxc4 Bxc4 42. Kxf5 Be2 43. Kg5 Kf8 44. Kf4 Kg7 45. Ke3 Bg4 46. Kf4 Kxg6 47. Kg3 Kg5 0-1


[Site "https://www.chess.com"]

[Event "Titled Tuesday Blitz May 9 Late 2023"]
[White "micke12a"]
[Black "Oliveira, Tiago Batista"]
[BlackFideId "2108291"]
[WhiteElo "2365"]
[BlackElo "1962"]
[Result "1-0"]
[Round "03"]
[TimeControl "180+2"]
[Date "2023.05.09"]
[WhiteClock "0:01:17"]
[BlackClock "0:00:00"]

1. d4 Nf6 2. Nc3 d5 3. Bf4 c6 4. e3 e6 5. g4 Bd6 6. g5 Bxf4 7. exf4 Nfd7 8. Nf3 c5 9. dxc5 Nxc5 10. Qd4 Qb6 11. Qxg7 Rf8 12. O-O-O Nc6 13. Re1 Ne7 14. Qd4 Nf5 15. Qxd5 Ne7 16. Qc4 Bd7 17. Ne5 Rc8 18. Nxd7 Nxd7 19. Qe2 Nc6 20. Bg2 Nd4 21. Qd3 Qc5 22. Kb1 a6 23. Rd1 1-0


[Site "https://www.chess.com"]

[Event "Titled Tuesday Blitz May 9 Late 2023"]
[White "Rangel, Daniel"]
[Black "Stead, Kerry"]
[WhiteFideId "2124475"]
[BlackFideId "3202577"]
[WhiteElo "2256"]
[BlackElo "1997"]
[Result "1-0"]
[Round "03"]
[TimeControl "180+2"]
[Date "2023.05.09"]
[WhiteClock "0:01:58"]
[BlackClock "0:01:40"]

1. e4 c6 2. d4 d5 3. Nc3 dxe4 4. Nxe4 Bf5 5. Ng3 Bg6 6. h4 h6 7. h5 Bh7 8. Bd3 Bxd3 9. Qxd3 Nf6 10. N1e2 e6 11. Kf1 Bd6 12. Bf4 O-O 13. Rd1 Bxf4 14. Nxf4 Nd5 15. Nxd5 cxd5 16. Kg1 Nc6 17. c3 Qg5 18. Re1 a6 19. Nf1 Rac8 20. Rh3 b5 21. Ree3 Rc7 22. Reg3 Qf6 23. Rg4 Qf5 24. Qg3 f6 25. Qxc7 1-0


[Site "https://www.chess.com"]

[Event "Titled Tuesday Blitz May 9 Late 2023"]
[White "Shapiro, Daniel"]
[Black "Butti, Enrique"]
[WhiteFideId "2001780"]
[BlackFideId "3700470"]
[WhiteElo "2350"]
[BlackElo "2080"]
[Result "1-0"]
[Round "03"]
[TimeControl "180+2"]
[Date "2023.05.09"]
[WhiteClock "0:00:40"]
[BlackClock "0:01:04"]

1. d4 Nf6 2. c4 e6 3. g3 d5 4. Nf3 c6 5. Qc2 b5 6. c5 a5 7. Bg2 Nbd7 8. Bf4 Ba6 9. O-O Ne4 10. Nbd2 f5 11. Ne5 Nxe5 12. Bxe5 Kf7 13. f3 Nxd2 14. Qxd2 Be7 15. e4 Bf6 16. exf5 exf5 17. Rfe1 Ra7 18. Qf4 g6 19. g4 Bc8 20. g5 Bxe5 21. Qxe5 Re8 22. Qxe8+ Qxe8 23. Rxe8 Kxe8 24. f4 Re7 25. Kf2 Ba6 26. Re1 b4 27. h4 Rxe1 28. Kxe1 Bc4 29. a3 bxa3 30. bxa3 a4 31. Kd2 Kd7 32. Kc3 Kc7 33. Kb4 Bb5 34. Bf3 1-0


[Site "https://www.chess.com"]

[Event "Titled Tuesday Blitz May 9 Late 2023"]
[White "Curtis, John"]
[Black "Hoffmann, Asa"]
[WhiteFideId "3200256"]
[BlackFideId "2001470"]
[WhiteElo "2203"]
[BlackElo "2117"]
[Result "0-1"]
[Round "03"]
[TimeControl "180+2"]
[Date "2023.05.09"]
[WhiteClock "0:01:03"]
[BlackClock "0:01:19"]

1. e4 d6 2. d4 Nf6 3. Nc3 c6 4. f4 Qa5 5. Bd3 e5 6. Nf3 exd4 7. Nxd4 Qb6 8. Nb3 a5 9. a4 Na6 10. Qe2 Nb4 11. Be3 Nxd3+ 12. Qxd3 Qc7 13. h3 b6 14. g4 Be7 15. Qd4 Rb8 16. g5 Nh5 17. f5 O-O 18. Rg1 Re8 19. O-O-O Bf8 20. Rde1 d5 21. exd5 Bxf5 22. Qh4 Bg6 23. Bd2 cxd5 24. Nd4 Bc5 25. Ncb5 Rxe1+ 26. Rxe1 Qg3 27. Qxg3 Nxg3 28. Nc6 Rc8 29. Nba7 Ra8 30. Bf4 Ne4 31. c3 Bf8 32. Nb5 Nc5 33. Ne7+ Bxe7 34. Rxe7 Nd3+ 0-1


[Site "https://www.chess.com"]

[Event "Titled Tuesday Blitz May 9 Late 2023"]
[White "Guzman Moneo, Alberto"]
[Black "Torres Dominguez, David"]
[WhiteFideId "2209616"]
[BlackFideId "2220857"]
[WhiteElo "2157"]
[BlackElo "1999"]
[Result "1-0"]
[Round "03"]
[TimeControl "180+2"]
[Date "2023.05.09"]
[WhiteClock "0:01:03"]
[BlackClock "0:00:00"]

1. e4 Nc6 2. d4 e5 3. dxe5 Nxe5 4. f4 Nc6 5. Bc4 Nf6 6. e5 d5 7. Bb3 Ne4 8. Qxd5 Qxd5 9. Bxd5 Bf5 10. Bxc6+ bxc6 11. Nf3 Bc5 12. Nbd2 O-O-O 13. Nxe4 Bxe4 14. Ke2 Bxc2 15. Be3 Bd3+ 16. Kf2 Bb6 17. a4 a5 18. Rhd1 Kb7 19. Rd2 Be4 20. Rad1 Rxd2+ 21. Rxd2 f6 22. exf6 gxf6 23. Bd4 Bd5 24. Bxb6 cxb6 25. Nd4 Rg8 26. g3 h5 27. Re2 h4 28. Re7+ Ka6 29. Rc7 hxg3+ 30. hxg3 c5 31. Nb5 1-0


[Site "https://www.chess.com"]

[Event "Titled Tuesday Blitz May 9 Late 2023"]
[White "Senft, Sean"]
[Black "Maluco_do_Natal_00"]
[WhiteFideId "2044960"]
[WhiteElo "1989"]
[BlackElo "2030"]
[Result "1-0"]
[Round "03"]
[TimeControl "180+2"]
[Date "2023.05.09"]
[WhiteClock "0:02:17"]
[BlackClock "0:00:01"]

1. e4 c5 2. d4 cxd4 3. c3 dxc3 4. Nf3 Nc6 5. Nxc3 e6 6. Bc4 d6 7. Bg5 Nf6 8. O-O a6 9. Qe2 Be7 10. Rfd1 Qa5 11. Nd5 Ne5 12. b4 Nxf3+ 13. gxf3 Qd8 14. Nxe7 Qxe7 15. Bxf6 gxf6 16. Kh1 Bd7 17. b5 axb5 18. Bxb5 Bc6 19. Rac1 Rc8 20. f4 O-O 21. Bxc6 Rxc6 22. Rxc6 bxc6 23. Qe3 Kh8 24. f5 exf5 25. Re1 Qxe4+ 26. Qxe4 fxe4 27. Rxe4 Ra8 28. a4 Kg7 29. Rc4 Ra6 30. Kg2 d5 31. Rd4 f5 32. Kf3 Kf6 33. Rh4 Ke5 34. Rxh7 Rxa4 35. Rxf7 Rh4 36. Kg3 Rg4+ 37. Kf3 Rh4 38. Kg3 Rg4+ 39. Kf3 Rg8 40. Re7+ Kd6 41. Rf7 Ke6 42. Rc7 Kd6 43. Rf7 Rh8 44. Kg3 Rh5 45. Kf4 Rxh2 46. f3 Rh5 47. Ke3 Kc5 48. Ra7 Kb6 49. Ra1 c5 50. Rb1+ Kc6 51. Ra1 c4 52. Ra6+ Kc5 53. Ra8 Rh3 54. Rc8+ Kd6 55. Rf8 Ke6 56. Re8+ Kf6 57. Rf8+ Ke6 58. Re8+ Kd6 59. Rf8 Kc5 60. Rxf5 Kd6 61. Rf8 Kc5 62. Rc8+ Kd6 63. Ra8 Kc6 64. Ra5 Rh2 65. Ra1 c3 66. Rc1 c2 67. f4 Kd6 68. f5 Ke5 69. Rf1 d4+ 70. Kd3 Rg2 71. f6 c1=Q 72. Rxc1 Kxf6 73. Kxd4 Rd2+ 74. Ke3 Rd6 75. Ke4 Re6+ 76. Kf4 Re7 77. Ra1 Re6 78. Ra7 Rd6 79. Rh7 Rd4+ 80. Ke3 Rb4 81. Rh6+ Kg5 82. Ra6 Kf5 83. Ra5+ Kg6 84. Ra8 Kg5 85. Rf8 Kg6 86. Rg8+ Kf7 87. Rb8 Ke7 88. Rxb4 1-0


[Site "https://www.chess.com"]

[Event "Titled Tuesday Blitz May 9 Late 2023"]
[White "dorpato"]
[Black "Dragomirescu, Calin"]
[BlackFideId "1200895"]
[WhiteElo "2018"]
[BlackElo "2010"]
[Result "0-1"]
[Round "03"]
[TimeControl "180+2"]
[Date "2023.05.09"]
[WhiteClock "0:00:16"]
[BlackClock "0:02:19"]

1. e4 g6 2. d4 Bg7 3. Nf3 d6 4. Nc3 a6 5. Bc4 b5 6. Bd5 c6 7. Bb3 Nd7 8. a3 Bb7 9. O-O c5 10. dxc5 Nxc5 11. Bd5 Nf6 12. Bxb7 Nxb7 13. Be3 O-O 14. Re1 Rc8 15. Qd3 Nc5 16. Bxc5 Rxc5 17. Rac1 Nd7 18. Nd4 Ne5 19. Qd1 Nc6 20. Nxc6 Rxc6 21. Re3 Bxc3 22. bxc3 Qc7 23. Qd2 Rc8 24. Rh3 Rxc3 25. f3 Rxc2 26. Rxc2 Qxc2 27. Qh6 Qc1+ 28. Qxc1 Rxc1+ 29. Kf2 Rc3 30. e5 dxe5 31. Rh4 Rxa3 0-1


[Site "https://www.chess.com"]

[Event "Titled Tuesday Blitz May 9 Late 2023"]
[White "tandercat"]
[Black "Stachanczyk, Jacek"]
[BlackFideId "1116657"]
[WhiteElo "2006"]
[BlackElo "2084"]
[Result "0-1"]
[Round "03"]
[TimeControl "180+2"]
[Date "2023.05.09"]
[WhiteClock "0:00:00"]
[BlackClock "0:00:47"]

1. d4 Nf6 2. c4 g6 3. Nc3 Bg7 4. e4 d6 5. f4 O-O 6. Nf3 c5 7. d5 Bg4 8. Be2 b5 9. cxb5 a6 10. bxa6 Nxa6 11. h3 Bxf3 12. Bxf3 Nb4 13. a3 c4 14. O-O Qb6+ 15. Kh1 Nd3 16. Qc2 Rfc8 17. e5 Nd7 18. exd6 exd6 19. Ne4 Rab8 20. Rb1 h6 21. f5 N7e5 22. fxg6 fxg6 23. Bg4 Rf8 24. Be6+ Kh7 25. Bd2 Qd4 26. Nxd6 Nf2+ 27. Rxf2 Rxf2 28. Rd1 Rxb2 29. Qc1 Rbxd2 30. Rxd2 Rxd2 0-1


[Site "https://www.chess.com"]

[Event "Titled Tuesday Blitz May 9 Late 2023"]
[White "Chirivi C, Jenny Astrid"]
[Black "James, Stuart"]
[WhiteFideId "4403061"]
[BlackFideId "7400489"]
[WhiteElo "2019"]
[BlackElo "1950"]
[Result "1-0"]
[Round "03"]
[TimeControl "180+2"]
[Date "2023.05.09"]
[WhiteClock "0:00:24"]
[BlackClock "0:00:14"]

1. d4 Nf6 2. c4 e6 3. Nc3 Bb4 4. Qc2 Nc6 5. Nf3 d6 6. Bg5 h6 7. Bh4 e5 8. e3 O-O 9. d5 Nb8 10. Be2 Nbd7 11. O-O a5 12. a3 Bxc3 13. Qxc3 Qe8 14. b4 axb4 15. axb4 Rxa1 16. Rxa1 b5 17. Bxf6 Nxf6 18. Nd2 bxc4 19. Qxc4 Qe7 20. e4 Bg4 21. Bxg4 Nxg4 22. h3 Nf6 23. Ra7 Rc8 24. Qc6 Qe8 25. Qxe8+ Nxe8 26. b5 Rb8 27. Ra5 Nf6 28. f3 Kf8 29. Nc4 Ke7 30. Ra7 Nd7 31. Rxc7 Rxb5 32. Kh2 f5 33. Rc6 fxe4 34. fxe4 Nf6 35. Nxd6 Rb2 36. Nf5+ Kf8 37. Rc8+ Ne8 38. Nxg7 Kxg7 39. Rxe8 Kf6 40. Re6+ Kf7 41. Rxe5 Re2 42. Re6 h5 43. h4 Re3 44. g3 Re2+ 45. Kh3 Re3 46. Kg2 Re2+ 47. Kf3 Re1 48. Kf4 Rf1+ 49. Kg5 Rg1 50. Kxh5 Rxg3 51. e5 Rd3 52. Rd6 Re3 53. Rd7+ Ke8 54. e6 Rg3 55. d6 Re3 56. Re7+ Kd8 57. Kg5 Rd3 58. Rd7+ Ke8 59. h5 Re3 60. Re7+ Kd8 61. h6 Rd3 62. Rd7+ Ke8 63. h7 Rh3 64. Ra7 Rg3+ 65. Kf4 1-0


[Site "https://www.chess.com"]

[Event "Titled Tuesday Blitz May 9 Late 2023"]
[White "Ingunza Curro, Andres"]
[Black "Castillo Pena, Patricia Evarista"]
[WhiteFideId "24526371"]
[BlackFideId "6412106"]
[WhiteElo "2247"]
[BlackElo "1919"]
[Result "1-0"]
[Round "03"]
[TimeControl "180+2"]
[Date "2023.05.09"]
[WhiteClock "0:01:06"]
[BlackClock "0:00:08"]

1. d4 d5 2. c4 c6 3. Nf3 Nf6 4. e3 e6 5. Nc3 Nbd7 6. Bd3 dxc4 7. Bxc4 b5 8. Be2 Bb7 9. O-O a6 10. a3 c5 11. dxc5 Bxc5 12. b4 Be7 13. Bb2 O-O 14. Rc1 Rc8 15. Qb3 Qb6 16. Rfd1 Rfd8 17. h3 h6 18. Nd4 Ne5 19. Qc2 Nc4 20. Bf3 Nxb2 21. Qxb2 Nd5 22. Nxd5 Bxd5 23. Rxc8 Rxc8 24. Bxd5 exd5 25. Qe2 Bf6 26. Qf3 Qd6 27. Nf5 Qe5 28. g3 d4 29. Nxd4 Rd8 30. Kg2 Qe7 31. Nc6 1-0


[Site "https://www.chess.com"]

[Event "Titled Tuesday Blitz May 9 Late 2023"]
[White "Szente Varga, Fruzsina"]
[Black "Vargas, Mauricio"]
[WhiteFideId "712264"]
[BlackFideId "4404572"]
[WhiteElo "1994"]
[BlackElo "1986"]
[Result "1-0"]
[Round "03"]
[TimeControl "180+2"]
[Date "2023.05.09"]
[WhiteClock "0:00:55"]
[BlackClock "0:00:00"]

1. e4 d5 2. e5 c5 3. f4 Nc6 4. Nf3 a6 5. d4 cxd4 6. Nxd4 Nh6 7. c3 Bg4 8. Be2 Bxe2 9. Qxe2 e6 10. O-O Nxd4 11. cxd4 Qb6 12. Be3 Nf5 13. Rd1 Nxe3 14. Qxe3 Qxb2 15. Nd2 Qa3 16. Qf2 Bb4 17. Nf1 O-O 18. Rab1 Qa5 19. f5 exf5 20. Qxf5 Rac8 21. Rb3 Rc3 22. Rdb1 Rxb3 23. Rxb3 Bc3 24. Qd3 Bd2 25. Nxd2 Rc8 26. Rxb7 Rc1+ 27. Nf1 g6 28. Qf3 f5 29. exf6 Qxa2 30. f7+ Kf8 31. Rb8+ Ke7 32. f8=Q+ 1-0


[Site "https://www.chess.com"]

[Event "Titled Tuesday Blitz May 9 Late 2023"]
[White "Sanchez, Robert"]
[Black "Wizard_of_Odds"]
[WhiteFideId "2034360"]
[WhiteElo "1867"]
[BlackElo "2328"]
[Result "0-1"]
[Round "03"]
[TimeControl "180+2"]
[Date "2023.05.09"]
[WhiteClock "0:00:04"]
[BlackClock "0:00:10"]

1. e4 c5 2. Nf3 d6 3. d4 cxd4 4. Nxd4 Nf6 5. Nc3 g6 6. Be3 Bg7 7. f3 Nc6 8. Qd2 O-O 9. Bc4 Bd7 10. O-O-O Rb8 11. h4 b5 12. Nxc6 Bxc6 13. Bd5 Bd7 14. h5 b4 15. Ne2 Nxd5 16. exd5 Qa5 17. Kb1 Rfc8 18. Bh6 Be5 19. g4 Rb6 20. Nc1 Ra6 21. f4 Bh8 22. hxg6 fxg6 23. Qe2 b3 24. cxb3 Rxc1+ 25. Kxc1 Qxa2 26. Qc2 Bxg4 27. Rhe1 Bf5 28. Rd3 Bxb2+ 29. Kd2 Qa5+ 30. Ke3 Bf6 31. Kf2 Qc5+ 32. Qxc5 dxc5 33. d6 Rxd6 34. Rxd6 exd6 35. Re8+ Kf7 36. Ra8 Bd4+ 37. Ke2 Bg4+ 38. Kd3 Ke6 39. Kc2 Bf5+ 40. Kd2 Kd5 41. Rxa7 Ke4 42. Rxh7 g5 43. Re7+ Kxf4 0-1


[Site "https://www.chess.com"]

[Event "Titled Tuesday Blitz May 9 Late 2023"]
[White "Celestino, Rafael Teixeira"]
[Black "Panico, Nick"]
[WhiteFideId "2108925"]
[BlackFideId "2026724"]
[WhiteElo "2326"]
[BlackElo "1982"]
[Result "1-0"]
[Round "03"]
[TimeControl "180+2"]
[Date "2023.05.09"]
[WhiteClock "0:00:03"]
[BlackClock "0:00:05"]

1. e4 e6 2. d4 d5 3. Bd3 dxe4 4. Bxe4 Nf6 5. Bf3 c5 6. Ne2 Nc6 7. Be3 e5 8. Bxc6+ bxc6 9. dxc5 Qxd1+ 10. Kxd1 Ng4 11. b4 Ba6 12. h3 O-O-O+ 13. Nd2 Nxe3+ 14. fxe3 g6 15. Ke1 Bh6 16. Nf3 Bxe3 17. Nxe5 Rde8 18. Nxf7 Rhf8 19. Nd6+ Kd7 20. Nxe8 Rxe8 21. Rd1+ Kc7 22. Rf1 Bg5 23. Rf7+ Kb8 24. Rd3 Bxd3 25. cxd3 Re3 26. Rxh7 Rxd3 27. Kf2 Ra3 28. h4 Be3+ 29. Kf3 Bd2+ 30. Ke4 Bxb4 31. Nd4 Bxc5 32. Nxc6+ Kc8 33. Kd5 Bb6 34. Kd6 Rd3+ 35. Ke6 Bc5 36. a4 Rd6+ 37. Ke5 Rxc6 38. Kd5 Ra6 39. Kxc5 Rxa4 40. Kc6 Rc4+ 41. Kd5 Rg4 42. Kc6 Kd8 43. Kd6 Ke8 44. Ke6 Kf8 45. Kf6 Kg8 46. Rxa7 Rxg2 47. Rg7+ Kf8 48. Ra7 Kg8 49. Ra6 Rg4 50. Ra7 Kf8 51. Ra8# 1-0


[Site "https://www.chess.com"]

[Event "Titled Tuesday Blitz May 9 Late 2023"]
[White "Prado, Alexandra"]
[Black "Smiechu"]
[WhiteFideId "3301346"]
[WhiteElo "1759"]
[BlackElo "2318"]
[Result "0-1"]
[Round "03"]
[TimeControl "180+2"]
[Date "2023.05.09"]
[WhiteClock "0:00:00"]
[BlackClock "0:01:20"]

1. e4 c5 2. Nf3 g6 3. c3 Bg7 4. d4 cxd4 5. cxd4 d5 6. e5 Nh6 7. Nc3 O-O 8. Bd3 Nc6 9. O-O Bg4 10. Be2 e6 11. h3 Bxf3 12. Bxf3 Nf5 13. Be3 f6 14. exf6 Qxf6 15. Bg4 Nfxd4 16. Qd2 Nf5 17. Bg5 Qf7 18. Rae1 Rae8 19. Nb5 Qd7 20. a4 a6 21. Nc3 Ncd4 22. Be3 Nxe3 23. fxe3 Nf5 24. Rf2 b5 25. axb5 axb5 26. Ref1 b4 27. Nd1 Qb5 28. Bxf5 Rxf5 29. Rxf5 exf5 30. g4 fxg4 31. hxg4 Qc4 32. Nf2 b3 33. Rd1 d4 34. exd4 Re2 35. Qd3 Qxd3 36. Rxd3 Rxb2 37. d5 Kf7 38. d6 Ke8 39. Ne4 Rb1+ 40. Kg2 b2 41. d7+ Kd8 42. Nc5 Rg1+ 43. Kxg1 b1=Q+ 44. Kg2 Qb6 0-1


[Site "https://www.chess.com"]

[Event "Titled Tuesday Blitz May 9 Late 2023"]
[White "De Souza, Cristiano Gomes"]
[Black "luachess1"]
[WhiteFideId "2151758"]
[WhiteElo "2068"]
[BlackElo "1677"]
[Result "1-0"]
[Round "03"]
[TimeControl "180+2"]
[Date "2023.05.09"]
[WhiteClock "0:01:30"]
[BlackClock "0:00:00"]

1. d4 Nf6 2. c4 g6 3. Nf3 Bg7 4. Nc3 O-O 5. e4 d6 6. Be2 Nbd7 7. O-O e5 8. d5 a5 9. b3 Nc5 10. Nd2 Ne8 11. Bb2 f5 12. f3 f4 13. a3 g5 14. b4 axb4 15. axb4 Rxa1 16. Qxa1 Na6 17. Qa3 h5 18. Nb3 g4 19. c5 Nf6 20. Qa5 gxf3 21. Bxf3 Ng4 22. cxd6 Qxd6 23. Ba3 b6 24. Qa4 Ne3 25. b5 Nc5 26. Nxc5 bxc5 27. Rc1 Qg6 28. Nd1 Nxd1 29. Qxd1 Bg4 30. Bxc5 Ra8 31. Qe2 Kh7 32. h3 Bxh3 33. Bxh5 Qg3 34. Qf3 Qxf3 35. Bxf3 Bd7 36. Be7 Bxb5 37. Rxc7 Ra1+ 38. Kh2 Kg6 39. d6 Bf6 40. Bxf6 Kxf6 41. Bg4 Ra8 42. Re7 Rd8 43. Re6+ Kf7 44. Rxe5 Rxd6 45. Rxb5 1-0


[Site "https://www.chess.com"]

[Event "Titled Tuesday Blitz May 9 Late 2023"]
[White "Silva Rosas, Natalia"]
[Black "Zampronha, Wladimir Camilo"]
[WhiteFideId "3000575"]
[BlackFideId "2103087"]
[WhiteElo "1651"]
[BlackElo "2176"]
[Result "1-0"]
[Round "03"]
[TimeControl "180+2"]
[Date "2023.05.09"]
[WhiteClock "0:01:32"]
[BlackClock "0:01:19"]

1. e4 c5 2. Nf3 e6 3. d3 d5 4. Nbd2 Nc6 5. g3 Bd6 6. Bg2 Nge7 7. O-O O-O 8. Re1 b5 9. c3 a5 10. Nf1 a4 11. e5 Bc7 12. Bf4 b4 13. d4 a3 14. bxa3 bxc3 15. dxc5 Ra5 16. h4 Rxc5 17. Qc2 Ba5 18. Rad1 Qc7 19. Ng5 g6 20. h5 Ba6 21. Nh2 d4 22. Ng4 d3 23. Rxd3 Bxd3 24. Qxd3 c2 25. Rc1 Rd8 26. Nf6+ Kg7 27. h6+ Kxh6 28. Nxe6+ g5 29. Bxg5# 1-0


[Site "https://www.chess.com"]

[Event "Titled Tuesday Blitz May 9 Late 2023"]
[White "Fernandez Siles, Luis"]
[Black "Chemin, Justo Reinaldo"]
[WhiteFideId "2209420"]
[BlackFideId "2101580"]
[WhiteElo "2195"]
[BlackElo "1940"]
[Result "0-1"]
[Round "03"]
[TimeControl "180+2"]
[Date "2023.05.09"]
[WhiteClock "0:00:10"]
[BlackClock "0:01:12"]

1. d4 d5 2. c4 dxc4 3. Nf3 a6 4. a4 e6 5. e3 c5 6. Bxc4 Nf6 7. O-O Nc6 8. Qe2 cxd4 9. Rd1 Be7 10. exd4 O-O 11. Nc3 Nb4 12. Ne5 Nbd5 13. Bd3 Bd7 14. Qf3 Rc8 15. Qh3 g6 16. Bh6 Nxc3 17. bxc3 Rxc3 18. Bxf8 Bxf8 19. Nxf7 Kxf7 20. Bxg6+ hxg6 21. Qxc3 Bc6 22. a5 Qd5 23. f3 Bd6 24. Rac1 Nh5 25. Qe3 Bf4 26. Qc3 Bxc1 27. Rxc1 Nf4 28. Kf2 Qh5 29. Qe3 Qxh2 0-1


[Site "https://www.chess.com"]

[Event "Titled Tuesday Blitz May 9 Late 2023"]
[White "Salinas Herrera, Pablo"]
[Black "Nakamura, Hikaru"]
[WhiteFideId "3407128"]
[BlackFideId "2016192"]
[WhiteElo "2546"]
[BlackElo "2885"]
[Result "0-1"]
[Round "04"]
[TimeControl "180+2"]
[Date "2023.05.09"]
[WhiteClock "0:00:04"]
[BlackClock "0:01:27"]

1. e4 e5 2. Nf3 Nc6 3. Bb5 d6 4. Bxc6+ bxc6 5. d4 f6 6. O-O Ne7 7. Qd3 a5 8. Re1 Ba6 9. Qe3 Ng6 10. Nc3 Be7 11. b3 O-O 12. Bb2 Nf4 13. Rad1 Qe8 14. g3 Nh3+ 15. Kg2 Bc8 16. Nh4 Qh5 17. f3 Ng5 18. Ne2 Bh3+ 19. Kh1 Rae8 20. Ng1 Bc8 21. a4 Nh3 22. Nxh3 Bxh3 23. Qf2 f5 24. Nxf5 Bxf5 25. exf5 Rxf5 26. dxe5 Rxf3 27. Qg2 Ref8 28. exd6 Bxd6 29. Rf1 Rf2 30. g4 Rxf1+ 0-1


[Site "https://www.chess.com"]

[Event "Titled Tuesday Blitz May 9 Late 2023"]
[White "Carlsen, Magnus"]
[Black "Kobo, Ori"]
[WhiteFideId "1503014"]
[BlackFideId "2812320"]
[WhiteElo "2852"]
[BlackElo "2454"]
[Result "1-0"]
[Round "04"]
[TimeControl "180+2"]
[Date "2023.05.09"]
[WhiteClock "0:00:35"]
[BlackClock "0:00:05"]

1. h4 d5 2. d4 Nf6 3. Nf3 Bf5 4. c4 e6 5. Nc3 Bb4 6. h5 h6 7. e3 O-O 8. Bd3 Ne4 9. Qc2 c5 10. O-O Bxc3 11. bxc3 Nc6 12. Ba3 Qa5 13. cxd5 exd5 14. Bxc5 Rfe8 15. Rab1 Qc7 16. c4 dxc4 17. Qxc4 Qd7 18. Ba3 Rac8 19. Qb5 Bg4 20. Ne5 Rxe5 21. dxe5 a6 22. Qc4 Nd2 23. Qf4 Qxd3 24. Qxg4 Rd8 25. e6 Nxb1 26. Bb2 Nc3 27. Kh2 f5 28. Qg3 Re8 29. Rc1 Rxe6 30. Rxc3 Qd6 31. Rd3 Qxg3+ 32. Kxg3 Re7 33. Kf4 Ne5 34. Bxe5 1-0


[Site "https://www.chess.com"]

[Event "Titled Tuesday Blitz May 9 Late 2023"]
[White "Peng, Li Min"]
[Black "Paravyan, David"]
[WhiteFideId "14112620"]
[BlackFideId "4194985"]
[WhiteElo "2436"]
[BlackElo "2563"]
[Result "1/2-1/2"]
[Round "04"]
[TimeControl "180+2"]
[Date "2023.05.09"]
[WhiteClock "0:02:31"]
[BlackClock "0:01:42"]

1. e4 e5 2. Nf3 Nf6 3. Nc3 Nc6 4. h3 d5 5. exd5 Nxd5 6. Bb5 Nxc3 7. bxc3 Bd6 8. O-O O-O 9. Re1 Bd7 10. Bxc6 Bxc6 11. Nxe5 Bxe5 12. Rxe5 Re8 13. Rxe8+ Qxe8 14. d3 Qe5 15. Bd2 Re8 16. Qg4 h5 17. Qf4 Qxf4 18. Bxf4 Re2 19. Rc1 Ba4 20. Kf1 Rxc2 21. Rxc2 Bxc2 22. Bxc7 Bxd3+ 23. Ke1 Bc4 1/2-1/2


[Site "https://www.chess.com"]